Map: Wieże Zmierzchu

Players

Gracz - Winner!

  • Race: Protoss Protoss

SI 1 (Łatwa)

  • Race: Terran Terran

VOD

Have the link to the VOD?

Description

Time

  • Played on: Feb. 27, 2016, 2:46 a.m.
  • Length: 18:17
Show
View Real Time Build Order
Export as new Build Order

Gracz Protoss - Winner!

Build Orders:  

Get SALT Encoding   

  12  0:04  Probe (Chrono Boost)  
  13  0:14  Probe (Chrono Boost)  
  14  0:26  Pylon  
  14  0:30  Assimilator, Probe (Chrono Boost)  
  15  0:48  Probe (Chrono Boost)  
  16  0:58  Probe (Chrono Boost)  
  17  1:07  Assimilator  
  17  1:09  Probe (Chrono Boost)  
  18  1:14  Pylon  
  18  1:20  Probe (Chrono Boost)  
  19  1:25  Pylon  
  19  1:30  Probe (Chrono Boost)  
  20  1:33  Gateway  
  20  1:37  Gateway  
  20  1:49  Probe (Chrono Boost)  
  21  1:59  Probe (Chrono Boost)  
  22  2:34  Cybernetics Core  
  22  2:48  Nexus  
  22  2:50  Assimilator  
  22  2:55  Assimilator  
  22  3:04  Pylon  
  22  3:05  Probe (Chrono Boost)  
  23  3:14  Gateway  
  23  3:15  Probe (Chrono Boost)  
  23  3:16  Gateway  
  24  3:26  Probe (Chrono Boost)  
  25  3:30  Warp Gate (Chrono Boost)  
  25  3:37  Probe  
  26  3:49  Probe  
  27  4:01  Probe  
  28  4:04  Forge  
  28  4:09  Twilight Council  
  28  4:13  Probe  
  29  4:21  Probe  
  30  4:25  Probe  
  31  4:32  Probe  
  31  4:34  Stalker  
  31  4:37  Stalker, Probe  
  37  4:42  Stalker, Probe  
  40  4:50  Probe  
  41  5:01  Stargate  
  41  5:02  Stargate  
  41  5:10  Stargate  
  41  5:12  Protoss Air Armor Level 1 (Chrono Boost)  
  41  5:22  Stargate  
  41  5:24  Stargate  
  41  5:39  Probe  
  42  5:48  Probe  
  43  5:50  Probe  
  44  5:58  Robotics Facility  
  44  6:00  Robotics Facility  
  38  6:24  Sentry  
  38  6:25  Stalker  
  40  6:30  Stalker  
  40  6:31  Stalker  
  41  6:50  Stalker  
  43  6:55  Stalker  
  45  7:22  Fleet Beacon  
  45  7:23  Warp Prism  
  45  7:27  Observer  
  48  7:37  Blink  
  48  8:00  Probe  
  48  8:04  Mothership Core  
  51  8:10  Probe  
  52  8:14  Void Ray x2  
  59  9:15  Observer  
  60  9:17  Warp Prism  
  62  9:38  Charge  
  62  9:40  Pylon  
  62  9:55  Pylon  
  62  10:00  Pylon  
  62  10:11  Pylon  
  62  10:15  Nexus  
  62  10:17  Assimilator  
  62  10:22  Assimilator  
  56  11:32  Tempest  
  56  11:33  Tempest  
  56  11:34  Void Ray x2  
  56  11:38  Oracle  
  75  11:55  Pylon  
  67  12:14  Void Ray  
  67  12:15  Void Ray  
  71  12:16  Void Ray  
  71  12:17  Void Ray x2  
  87  12:54  Probe  
  87  12:57  Probe, Void Ray  
  87  12:58  Void Ray  
  92  13:05  Probe  
  97  13:07  Probe  
  99  13:16  Pylon  
  99  13:18  Probe  
  99  13:19  Mothership Core  
  102  13:29  Probe  
  103  13:39  Probe  
  110  13:51  Stalker  
  110  13:52  Stalker x2  
  110  13:53  Stalker  
  118  14:06  Pylon  
  118  14:19  Stalker x2  
  118  14:20  Stalker  
  124  14:24  Pylon  
  122  17:18  Void Ray x3  
  122  17:19  Void Ray  
  138  17:30  Pylon  
  138  17:33  Pylon  
  138  17:37  Pylon  
  138  17:41  Pylon  
  138  17:44  Pylon  
  138  17:47  Pylon  
Show
View Real Time Build Order
Export as new Build Order

SI 1 (Łatwa) Terran 

Build Orders:  

Get SALT Encoding   

  12  0:00  SCV  
  13  0:13  SCV  
  14  0:19  Supply Depot  
  14  0:25  SCV  
  15  0:41  SCV  
  16  0:42  Barracks  
  16  0:45  Refinery  
  16  1:09  Supply Depot  
  16  1:21  Refinery  
  16  1:29  Marine  
  16  1:31  Orbital Command  
  17  1:49  Barracks Tech Lab  
  17  1:57  SCV  
  18  2:07  Marine  
  19  2:09  SCV  
  19  2:11  Supply Depot  
  20  2:21  SCV  
  21  2:25  Marine  
  22  2:33  SCV  
  23  2:43  Marauder  
  25  2:46  SCV  
  26  2:58  SCV  
  27  3:05  Marauder  
  29  5:15  Reaper  
  29  5:16  SCV  
  29  5:18  Supply Depot  
  29  5:19  Factory  
  31  5:22  Command Center  
  31  5:39  SCV  
  31  5:41  Supply Depot  
  32  5:47  Marine  
  33  5:51  SCV  
  34  6:05  Marine  
  34  6:06  Starport  
  32  6:23  Marauder  
  34  6:35  SCV  
  35  6:40  SCV  
  35  6:43  Refinery, Starport Tech Lab  
  35  6:44  Marine  
  35  6:46  Refinery  
  37  6:47  SCV  
  37  6:52  SCV  
  36  7:00  SCV  
  36  7:01  Raven  
  36  7:02  Marine  
  36  7:04  SCV  
  40  7:12  SCV  
  41  7:16  SCV  
  41  7:20  Marine  
  43  7:24  SCV  
  43  7:28  SCV  
  45  7:36  SCV  
  46  7:38  Marine  
  46  7:40  SCV  
  48  7:44  Raven  
  48  7:48  SCV  
  51  7:52  SCV  
  51  7:56  Marauder  
  54  8:00  SCV  
  54  8:04  SCV  
  56  8:12  SCV  
  57  8:16  SCV  
  57  8:17  Reaper  
  59  8:24  SCV  
  60  8:29  SCV  
  60  8:31  Supply Depot  
  61  8:36  SCV  
  62  8:50  Marauder  
  63  10:21  Medivac, Marine  
  63  10:25  Supply Depot  
  63  10:26  Engineering Bay  
  66  10:30  Command Center  
  66  10:35  Ghost Academy  
  66  10:39  Marine  
  67  10:51  Medivac  
  67  10:52  Terran Infantry Armor Level 1  
  67  10:53  Supply Depot  
  68  10:58  Marauder  
  70  11:19  Marauder  
  70  11:21  Raven  
  74  11:39  Ghost  
  74  11:43  SCV  
  77  11:48  SCV  
  77  11:52  Refinery, SCV  
  79  11:55  Refinery  
  79  11:56  SCV  
  79  12:01  SCV  
  73  12:09  Reaper  
  73  12:18  SCV, Raven  
  67  12:40  Marine  
  68  12:46  Terran Infantry Weapons Level 1  
  68  12:58  Marine  
  68  13:01  Raven  
  71  13:16  Reaper  
  72  13:49  Marauder  
  74  14:09  Marine  
  75  14:27  Marine  
  76  14:45  Marine  
  126  14:52  Medivac  
  68  14:55  Hellion  
  63  15:03  SCV  
  63  15:06  Reaper  
  56  15:08  SCV  
  48  15:15  SCV  
  48  15:20  SCV  
  48  15:21  Hellion  
  41  15:28  SCV  
  40  15:32  SCV  
  40  15:37  Raven  
  40  15:40  SCV  
  32  15:44  SCV  
  30  15:52  SCV  
  30  15:56  SCV  
  31  16:01  Command Center  
  20  16:46  Command Center  
  2  17:15  SCV  
  3  17:23  Command Center  
  3  17:27  SCV  
  3  17:48  Supply Depot  
Tags
 
Add a new tag
Caveats
  • Supply blocks, unpowered buildings, or Contaminate may cause inaccurate times.
  • Supply counts are checked every 10 seconds.